 Dungeon Crawl Stone Soup version 0.17-a0-26-g7f25774 (webtiles) character file.

7664 Econoterrorist the Arsonist (level 10, -5/50 HPs)
             Began as an Imp Fire Elementalist on Aug 7, 2015.
             Was a Priest of Vehumet.
             Slain by an unseen horror (8 damage)
             ... on level 10 of the Dungeon on Aug 15, 2015.
             The game lasted 00:47:26 (11179 turns).

Econoterrorist the Arsonist (ImFE)                 Turns: 11179, Time: 00:47:26

Health: -5/50      AC:  5    Str:  7    XL:     10   Next: 99%
Magic:  17/25      EV: 18    Int: 23    God:    Vehumet [***...]
Gold:   354        SH:  0    Dex: 17    Spells: 8 memorised, 3 levels left

rFire  + + .     SeeInvis .     L - staff of wizardry
rCold  x . .     Clarity  .     r - +1 robe {Archmagi}
rNeg   + + +     SustAb   .     (shield restricted)
rPois  ∞         Gourm    .     e - +1 hat
rElec  .         Spirit   .     d - +0 cloak
rCorr  .         Warding  .     (gloves unavailable)
rMut   .         Rnd*Tele +     (boots unavailable)
MR     +....                    (no amulet)
Stlth  ++........               (no ring)
                                x - ring "Viynn" {rF+ rN+ Slay+4}

@: brilliant, studying Unarmed Combat, somewhat resistant to hostile
enchantments, unstealthy
A: unfitting armour, blink 2, fire resistance 1, negative energy resistance 3,
regeneration 1, screaming 3, teleportitis 2, torment resistance, cold
vulnerability 1
a: Blink, Renounce Religion


You were on level 10 of the Dungeon.
You worshipped Vehumet.
Vehumet was most pleased with you.
You were not hungry.

You visited 2 branches of the dungeon, and saw 11 of its levels.

You collected 594 gold pieces.
You spent 240 gold pieces at shops.

Inventory:

Hand weapons
 B - a +0 whip of freezing
Armour
 d - a +0 cloak (worn)
 e - a +1 hat (worn)
 r - a +1 robe of the Archmagi (worn)
Magical staves
 L - an uncursed staff of wizardry (weapon)
Jewellery
 x - the ring "Viynn" (left hand) {rF+ rN+ Slay+4}
   (You found it on level 4 of the Dungeon)

   [ring of slaying]

   It affects your accuracy and damage with ranged weapons and melee attacks
   (+4).
   It protects you from fire.
   It protects you from negative energy.
Magical devices
 v - a wand of draining (6)
 y - a wand of random effects (8)
 H - a wand of magic darts (24)
 N - a wand of disintegration (10)
Scrolls
 a - 2 scrolls of remove curse {unknown}
 h - 7 scrolls of identify {unknown}
 i - 3 scrolls of enchant armour {unknown}
 t - 2 scrolls of fear {unknown}
 u - 3 scrolls of amnesia {unknown}
 z - 3 scrolls of fog {unknown}
 C - 3 scrolls of noise {unknown}
 E - 2 scrolls of immolation {unknown}
 G - a scroll of acquirement {unknown}
 I - 3 scrolls of teleportation {unknown}
 O - a scroll of random uselessness {unknown}
Potions
 f - 4 potions of flight {unknown}
 g - 2 potions of might
 j - 2 potions of ambrosia {unknown}
 k - 5 potions of brilliance
 l - a potion of curing {unknown}
 m - 2 potions of resistance
 n - 2 potions of invisibility {unknown}
 o - a potion of cancellation {unknown}
 q - 3 potions of restore abilities {unknown}
 s - a potion of decay {unknown}
 w - a potion of berserk rage {unknown}
 A - a potion of agility {unknown}
 D - a potion of beneficial mutation {unknown}
 M - a potion of haste
 P - a potion of lignification {unknown}
Books
 b - a book of Flames

   Spells                             Type                      Level
   a - Flame Tongue                   Conjuration/Fire             1
   b - Throw Flame                    Conjuration/Fire             2
   c - Conjure Flame                  Conjuration/Fire             3
   d - Inner Flame                    Hexes/Fire                   3
   e - Sticky Flame                   Conjuration/Fire             4
   f - Fireball                       Conjuration/Fire             5
 F - a book of Minor Magic

   Spells                             Type                      Level
   a - Magic Dart                     Conjuration                  1
   b - Blink                          Translocation                2
   c - Call Imp                       Summoning                    2
   d - Repel Missiles                 Charms/Air                   2
   e - Slow                           Hexes                        2
   f - Conjure Flame                  Conjuration/Fire             3
   g - Mephitic Cloud                 Conjuration/Poison/Air       3
 J - a manual of Unarmed Combat
Comestibles
 c - 6 bread rations
 p - 6 meat rations
 K - 2 fruits
 Q - 5 chunks of flesh


   Skills:
 - Level 2.6 Dodging
 - Level 2.1 Stealth
 + Level 7.1 Spellcasting
 - Level 10.3 Conjurations
 - Level 12.4 Fire Magic


You had 3 spell levels left.
You knew the following spells:

 Your Spells              Type           Power        Failure   Level  Hunger
a - Flame Tongue          Conj/Fire      #####        1%          1    None
b - Throw Flame           Conj/Fire      ######       1%          2    None
c - Sticky Flame          Conj/Fire      #######.     1%          4    ###....
d - Magic Dart            Conj           ####         1%          1    None
e - Mephitic Cloud        Conj/Pois/Air  ######..     1%          3    None
f - Repel Missiles        Chrm/Air       ####..       1%          2    None
g - Fireball              Conj/Fire      #######...   1%          5    #####..
h - Throw Frost           Conj/Ice       ######       1%          2    None


Dungeon Overview and Level Annotations

Branches:
Dungeon (10/15)            Temple (1/1) D:5            Lair (0/8) D:10
    Orc: D:9-12

Altars:
Ashenzari
Cheibriados
Dithmenos
Elyvilon
Fedhas
Gozag
Kikubaaqudgha
Makhleb
Nemelex Xobeh
Okawaru
Qazlal
Ru
Sif Muna
Trog
Vehumet
Xom
Yredelemnul
Zin
The Shining One

Shops:
D:6 :?


Innate Abilities, Weirdness & Mutations

You are immune to poison.
You are tiny and cannot use many weapons and most armour.
You are good at translocating small distances at will.
Your flesh is heat resistant.
You are immune to negative energy.
Your natural rate of healing is unusually fast.
You frequently scream uncontrollably at your foes.
Space sometimes distorts in your vicinity.
You are immune to unholy pain and torment.
You are vulnerable to cold.


Message History

Something closely misses you. Something closely misses you.
Something hits you but does no damage. Something hits you! Something hits you.
Something hits you! Something closely misses you. Something hits you!
* * * LOW HITPOINT WARNING * * *
Something barely misses you. Something closely misses you. Something hits you.
* * * LOW HITPOINT WARNING * * *
Something hits you!
* * * LOW HITPOINT WARNING * * *
Drink which item? (? for menu, Esc to quit)
It was a potion of brilliance.
You feel clever all of a sudden. Something hits you!
You die...

.###..## ### #...##########
..#..^.# #............## #....<.#
##..>..........# #..÷...#
#..............# .......#
#............... .......#
##............... .......#
#................ .......##
##.#.............. ........#
###@.#.........>...#
_.......######....###..........##
......#.....)...#..####......###
......##....######..# ####..## #
.....###.#### #..# #### ##
.....##..# #..# #. ....###..# #.
##. ##.####.## ##.. ### #..#####
.# ##...


There were no monsters in sight!

Vanquished Creatures
  Pikel (D:5)
  A hill giant (D:8)
  A cyclops (D:7)
  A gargoyle (D:7)
  The ghost of Weresquid the Basher, an experienced ImGl (D:6)
  15 yaks
  A wyvern (D:8)
  A hippogriff (D:8)
  A water moccasin (D:5)
  2 orc warriors
  An ice beast (D:6)
  2 black bears
  2 ogres
  4 centaurs
  A sky beast (D:5)
  A wasp (D:9)
  A necrophage (D:7)
  Sigmund (D:7)
  Duvessa (D:7)
  4 giant frogs
  A wyvern zombie (D:7)
  Blork the orc (D:5)
  A gnoll sergeant (D:8)
  A wyvern skeleton (D:10)
  4 scorpions
  4 wights (D:6)
  A goliath beetle (D:6)
  Dowan (D:7)
  5 crimson imps
  2 giant frog zombies
  A quasit (D:8)
  A centaur zombie (D:7)
  3 orc priests
  An iguana (D:9)
  2 centaur skeletons
  4 hounds
  A giant frog skeleton (D:6)
  4 orc wizards
  4 worker ants
  A hound skeleton (D:4)
  Terence (D:2)
  11 adders
  9 gnolls (D:8)
  3 shadow imps
  5 giant mites
  A worm (D:2)
  An adder skeleton (D:7)
  An adder zombie (D:7)
  5 giant geckos
  12 orcs
  18 bats
  2 giant cockroaches
  20 hobgoblins
  7 jackals
  17 kobolds
  2 ball pythons
  4 giant newts
  2 giant spores
  17 goblins
  2 jackal skeletons
  A jackal zombie (D:8)
  4 quokkas
  21 rats
  4 ballistomycetes (D:7)
256 creatures vanquished.

Vanquished Creatures (others)
  An orc (D:7)
  A jackal (D:5)
  A kobold (D:5)
  A quokka (D:9)
4 creatures vanquished.

Grand Total: 260 creatures vanquished

Notes
Turn   | Place    | Note
--------------------------------------------------------------
     0 | D:1      | Econoterrorist, the Imp Fire Elementalist, began the quest for the Orb.
     0 | D:1      | Reached XP level 1. HP: 10/10 MP: 3/3
   101 | D:1      | Reached skill level 1 in Conjurations
   182 | D:1      | Reached XP level 2. HP: 15/15 MP: 4/4
   199 | D:1      | Reached skill level 4 in Fire Magic
   409 | D:1      | Learned a level 2 spell: Throw Flame
   873 | D:2      | Found a shattered altar of Ashenzari.
   878 | D:2      | Found an ancient bone altar of Kikubaaqudgha.
   955 | D:2      | Reached XP level 3. HP: 19/19 MP: 3/6
  1026 | D:2      | Found a shimmering altar of Xom.
  1062 | D:2      | Found a glowing silver altar of Zin.
  1065 | D:2      | Found a sparkling altar of Nemelex Xobeh.
  1261 | D:2      | Found a stormy altar of Qazlal.
  1278 | D:2      | Reached XP level 4. HP: 15/24 MP: 0/7
  1462 | D:2      | Reached skill level 5 in Fire Magic
  1635 | D:2      | Noticed Terence
  1720 | D:2      | Learned a level 4 spell: Sticky Flame
  1786 | D:2      | Killed Terence
  2865 | D:3      | Reached XP level 5. HP: 28/28 MP: 3/9
  3579 | D:4      | Got a glittering amber ring
  3580 | D:4      | Identified the ring "Viynn" {rF+ rN+ Slay+4} (You found it on level 4 of the Dungeon)
  3685 | D:4      | Reached skill level 5 in Conjurations
  3685 | D:4      | Reached XP level 6. HP: 22/32 MP: 1/10
  4489 | D:5      | Entered Level 5 of the Dungeon
  4500 | D:5      | Found a sparkling altar of Nemelex Xobeh.
  4543 | D:5      | Noticed a water moccasin
  4553 | D:5      | Killed a water moccasin
  4575 | D:5      | Gained mutation: Your flesh is heat resistant. [demonic growth]
  4575 | D:5      | Gained mutation: You are vulnerable to cold. [demonic growth]
  4575 | D:5      | Reached XP level 7. HP: 25/36 MP: 1/12
  4920 | D:5      | Noticed Pikel
  4945 | D:5      | Killed Pikel
  4945 | D:5      | Reached skill level 6 in Conjurations
  4945 | D:5      | Reached skill level 7 in Fire Magic
  4945 | D:5      | Reached XP level 8. HP: 36/41 MP: 5/13
  5361 | D:5      | Noticed Blork the orc
  5370 | D:5      | Killed Blork the orc
  5370 | D:5      | Reached skill level 8 in Fire Magic
  5668 | D:5      | Found a staircase to the Ecumenical Temple.
  5681 | Temple   | Entered the Ecumenical Temple
  5705 | Temple   | Became a worshipper of Vehumet
  6011 | D:6      | Found Phech's Magic Scroll Shop.
  6069 | D:6      | Noticed Weresquid's ghost (experienced ImGl)
  6148 | D:6      | Found Qufehar's Book Shoppe.
  6169 | D:6      | Bought a book of Minor Magic for 240 gold pieces
  6172 | D:6      | Learned a level 1 spell: Magic Dart
  6176 | D:6      | Learned a level 3 spell: Mephitic Cloud
  6179 | D:6      | Learned a level 2 spell: Repel Missiles
  6430 | D:6      | Reached skill level 5 in Spellcasting
  6625 | D:6      | Killed Weresquid's ghost
  6780 | D:6      | Reached XP level 9. HP: 45/45 MP: 23/23
  6924 | D:6      | Acquired Vehumet's first power
  6924 | D:6      | Offered knowledge of Sandblast by Vehumet.
  6978 | D:6      | Learned a level 5 spell: Fireball
  7123 | D:7      | Noticed a gargoyle
  7132 | D:7      | Killed a gargoyle
  7291 | D:7      | Reached skill level 9 in Fire Magic
  7506 | D:7      | Found an iron altar of Okawaru.
  7515 | D:7      | Noticed Sigmund
  7526 | D:7      | Killed Sigmund
  7654 | D:7      | Noticed Duvessa
  7655 | D:7      | Noticed Dowan
  7681 | D:7      | Killed Duvessa
  7820 | D:7      | Killed Dowan
  7839 | D:7      | Noticed a cyclops
  7865 | D:7      | Killed a cyclops
  7865 | D:7      | Reached skill level 10 in Fire Magic
  8361 | D:8      | Reached XP level 10. HP: 50/50 MP: 18/25
  8388 | D:8      | Found an opulent altar of Gozag.
  8388 | D:8      | Found a snail-covered altar of Cheibriados.
  8670 | D:8      | Noticed a hill giant
  8671 | D:8      | Offered knowledge of Throw Frost by Vehumet.
  8675 | D:8      | Learned a level 2 spell: Throw Frost
  8713 | D:8      | Killed a hill giant
  9581 | D:9      | Reached skill level 11 in Fire Magic
  9731 | D:9      | Found a deep blue altar of Sif Muna.
  9739 | D:9      | Found a white marble altar of Elyvilon.
 10514 | D:10     | Entered Level 10 of the Dungeon
 10565 | D:10     | Found a glowing golden altar of the Shining One.
 10702 | D:10     | Offered knowledge of Static Discharge by Vehumet.
 10732 | D:10     | Found a staircase to the Lair.
 10853 | D:10     | Reached skill level 10 in Conjurations
 10875 | D:10     | Reached skill level 12 in Fire Magic
 11132 | D:10     | Acquired Vehumet's second power
 11178 | D:10     | HP: 2/50 [something (8)]
 11179 | D:10     | Slain by an unseen horror

Action                   |  1- 3 |  4- 6 |  7- 9 | 10-12 || total
-------------------------+-------+-------+-------+-------++-------
Melee: Unarmed           |    51 |       |       |       ||    51
       Dagger            |    32 |       |       |       ||    32
       Whip              |     6 |    79 |   124 |       ||   209
       Staff             |       |       |     2 |    17 ||    19
 Cast: Flame Tongue      |    53 |    92 |    55 |    58 ||   258
       Throw Flame       |       |     8 |     3 |     3 ||    14
       Sticky Flame      |       |     4 |    40 |    21 ||    65
       Magic Dart        |       |       |    19 |     1 ||    20
       Repel Missiles    |       |       |     2 |       ||     2
       Fireball          |       |       |     2 |    17 ||    19
       Throw Frost       |       |       |       |    14 ||    14
  Use: Potion            |       |       |       |     1 ||     1
 Stab: Sleeping          |     2 |       |       |     1 ||     3
       Distracted        |       |       |     1 |       ||     1
  Eat: Chunk             |     2 |    13 |    12 |    11 ||    38
       Fruit             |       |       |     5 |     2 ||     7
       Bread ration      |       |       |     1 |       ||     1
       Royal jelly       |       |       |       |     1 ||     1
       Beef jerky        |       |       |       |     1 ||     1
